Map: Eternal Empire LE

Players

INnoVation - Winner!

  • Race: Terran Terran
  • League: Grandmaster
  • Spawn Location: 1:00

soO

  • Race: Zerg Zerg
  • Spawn Location: 7:00

Event: Shopify TSL 5

VOD

Have the link to the VOD?

Description

Time

  • Played on: May 17, 2020, 10:53 a.m.
  • Length: 22:57

All games in this series

Show
View Real Time Build Order
Export as new Build Order

INnoVation Terran - Winner!

Build Orders: Reaper Expand 

Get SALT Encoding   

  12  0:00  SCV  
  13  0:12  SCV  
  14  0:16  Supply Depot  
  14  0:24  SCV  
  15  0:38  SCV  
  15  0:40  Barracks  
  16  0:44  Refinery  
  16  0:50  SCV  
  17  1:02  SCV  
  18  1:14  SCV  
  19  1:26  Reaper, Orbital Command  
  20  1:40  Command Center  
  20  1:50  Supply Depot  
  20  1:52  SCV  
  21  1:59  Reaper  
  22  2:04  SCV  
  23  2:09  Bunker  
  23  2:16  SCV  
  24  2:23  Factory  
  24  2:28  SCV  
  24  2:40  Barracks Reactor  
  24  2:41  SCV  
  25  2:46  Command Center  
  25  2:51  Orbital Command  
  25  2:55  SCV  
  26  3:07  SCV  
  27  3:14  Refinery  
  27  3:19  SCV  
  31  3:20  SCV, Hellion x2  
  31  3:22  Barracks Tech Lab  
  33  3:31  SCV  
  33  3:32  SCV  
  32  3:41  Hellion x2, Stimpack  
  38  3:43  SCV  
  38  3:44  SCV  
  42  3:49  Marauder  
  42  3:54  Bunker  
  42  3:59  Orbital Command  
  44  4:03  Widow Mine x2  
  43  4:10  Marauder  
  45  4:20  SCV  
  38  4:28  Hellion x2  
  39  4:34  SCV x2  
  39  4:38  SCV  
  38  4:47  SCV x2  
  38  4:50  SCV  
  41  4:59  SCV x2  
  43  5:02  SCV  
  43  5:05  Factory Reactor, Barracks  
  43  5:06  Barracks  
  44  5:11  SCV x2  
  47  5:14  SCV  
  47  5:16  Supply Depot  
  47  5:17  Marine  
  48  5:23  SCV x2  
  48  5:26  SCV  
  49  5:32  Engineering Bay x2  
  49  5:35  SCV x2, Marine  
  52  5:38  SCV, Supply Depot  
  53  5:45  Refinery  
  53  5:47  SCV x2  
  55  5:50  SCV  
  55  5:53  Marine  
  55  5:54  Marine x2  
  55  5:55  Starport  
  59  5:58  Refinery  
  59  5:59  Terran Infantry Armor Level 1, Terran Infantry Weapons Level 1  
  59  6:00  SCV x2  
  59  6:02  SCV  
  62  6:08  Marine x2  
  62  6:09  Factory Reactor  
  62  6:11  Marine  
  65  6:12  SCV, Marine x2  
  65  6:14  SCV  
  69  6:24  Supply Depot  
  69  6:29  Combat Shield  
  69  6:30  Supply Depot  
  69  6:31  Orbital Command  
  69  6:42  Supply Depot  
  69  6:45  SCV x2, Marine x5  
  76  6:50  Barracks  
  76  6:51  Barracks, Medivac x2  
  80  6:57  SCV x2  
  80  6:58  SCV  
  83  7:03  Armory, Marine x2  
  83  7:04  Marine x3, Factory Tech Lab  
  88  7:09  SCV  
  88  7:10  SCV  
  88  7:11  SCV  
  91  7:17  Supply Depot x2  
  91  7:21  SCV  
  91  7:22  Supply Depot  
  92  7:31  Marine  
  93  7:38  SCV, Siege Tank, Marine x4  
  93  7:39  SCV x2  
  93  7:40  Barracks Reactor  
  93  7:41  Medivac x2, Barracks Reactor, Supply Depot  
  93  7:43  Supply Depot  
  106  7:50  SCV  
  106  7:51  SCV x2  
  109  7:53  Terran Infantry Armor Level 2, Marine  
  109  7:56  Marine x4  
  114  8:01  Terran Infantry Weapons Level 2  
  114  8:05  SCV x3  
  113  8:11  Marine, Refinery x2  
  114  8:14  Marine x4  
  114  8:15  Siege Tank  
  114  8:18  Marine x4  
  125  8:27  SCV x2, Supply Depot  
  125  8:28  Supply Depot  
  125  8:29  Marine  
  125  8:32  SCV, Marine x3  
  132  8:37  Factory  
  132  8:38  Drilling Claws  
  113  8:48  Marine x5  
  113  8:49  Marine x2  
  113  8:51  Siege Tank  
  118  8:57  SCV  
  118  8:58  SCV x2, Marine x2  
  123  9:03  Medivac x2  
  123  9:06  Marine x6  
  123  9:07  Marine  
  131  9:15  Command Center  
  131  9:16  Marine  
  132  9:20  Marine  
  132  9:22  Factory Reactor  
  132  9:24  Marine x6, Widow Mine  
  135  9:29  Supply Depot x2  
  141  9:33  Medivac x2  
  145  9:45  Widow Mine  
  147  9:49  Barracks  
  147  9:50  Barracks x2  
  147  9:56  Marauder  
  149  10:02  Widow Mine x2  
  149  10:06  Supply Depot, Thor  
  159  10:09  Missile Turret, Terran Vehicle And Ship Armor Level 1  
  159  10:10  Missile Turret  
  159  10:17  Medivac x2  
  159  10:18  Marine  
  159  10:19  Marine, Marauder  
  165  10:21  Terran Infantry Weapons Level 3  
  165  10:25  Terran Infantry Armor Level 3  
  165  10:26  Marine  
  165  10:33  Widow Mine x2  
  165  10:35  Marine x5  
  174  10:36  Marine  
  174  10:37  Marine  
  174  10:38  Barracks Reactor  
  174  10:39  Barracks Tech Lab  
  174  10:40  Marine  
  174  10:41  Barracks Tech Lab x2  
  175  10:47  SCV x3  
  178  10:55  Thor  
  178  10:57  Missile Turret  
  181  11:04  Planetary Fortress  
  181  11:07  SCV x2  
  181  11:09  Widow Mine x2  
  187  11:20  Medivac x2  
  187  11:24  Marine x6, Marauder x3  
  178  11:33  Marauder  
  178  11:35  Missile Turret, Marine x2  
  180  11:44  Missile Turret  
  180  11:45  Missile Turret  
  180  11:46  Marauder x2  
  184  11:54  Supply Depot  
  184  11:55  Widow Mine x2, Supply Depot  
  187  12:10  Medivac  
  187  12:16  Marauder x3, Medivac  
  187  12:17  Marine x4  
  187  12:18  Marine  
  187  12:21  Command Center  
  198  12:24  Widow Mine  
  198  12:25  Widow Mine  
  198  12:32  Thor  
  198  12:34  Marine  
  198  12:35  Marine x2, Marauder  
  181  12:49  Marine, Widow Mine x2  
  181  12:50  Marine x4, Marauder x3  
  154  12:52  Marine x3  
  154  12:55  Marine  
  154  12:57  Medivac x2  
  144  13:07  Marine  
  144  13:08  Marine x4  
  144  13:10  Marine x3  
  144  13:11  Marauder x3  
  160  13:13  Marine, Widow Mine x2  
  163  13:23  Thor  
  163  13:25  Marine x2  
  163  13:26  Marine x3  
  174  13:28  Marine  
  174  13:31  Medivac x2  
  174  13:32  Marauder x3  
  174  13:33  Marauder  
  187  13:39  Marine x2  
  187  13:40  Widow Mine  
  187  13:41  Widow Mine  
  171  13:43  Marine x5  
  163  13:53  Marauder  
  163  13:54  Marauder x3  
  150  13:58  Marine  
  150  13:59  Marine x2  
  150  14:01  Marine x5  
  134  14:03  Widow Mine x2, Medivac x2  
  140  14:14  SCV x4, Marauder  
  140  14:15  Marine, Marauder x2  
  140  14:16  Marine x3, Thor  
  159  14:18  Marine  
  159  14:21  Command Center  
  161  14:24  Widow Mine  
  161  14:25  Widow Mine, Planetary Fortress  
  161  14:26  SCV x3  
  168  14:31  Marine  
  168  14:33  Marine, Marauder  
  168  14:35  Marine  
  168  14:36  Marine, Marauder x2  
  168  14:37  Marauder  
  178  14:40  Medivac  
  178  14:43  Medivac  
  182  14:46  Missile Turret  
  182  14:51  Sensor Tower  
  186  14:52  Widow Mine x2  
  180  15:07  Marine  
  180  15:08  Marine x2, Marauder x4  
  191  15:21  Widow Mine x3  
  180  15:24  Medivac x2  
  185  15:35  Marine, Marauder  
  185  15:36  Marine x6, Marauder x3  
  196  15:50  Command Center, Widow Mine  
  196  15:51  Widow Mine  
  200  16:04  Neosteel Armor  
  198  16:05  Hi-Sec Auto Tracking  
  198  16:06  Ghost Academy  
  198  16:08  Widow Mine  
  200  16:15  Command Center  
  199  16:34  Planetary Fortress  
  199  16:35  Marauder  
  199  16:36  Marine  
  196  16:53  Widow Mine x3  
  185  16:55  Medivac x2  
  185  17:01  Marine, Marauder x3  
  185  17:02  Marine x8  
  185  17:03  SCV  
  185  17:04  SCV x4  
  198  17:15  Widow Mine x3  
  200  17:22  Marauder x2  
  195  17:29  Medivac x2  
  170  17:31  Command Center  
  170  17:32  Missile Turret  
  170  17:34  Orbital Command, Marauder x2  
  170  17:35  Orbital Command  
  168  17:38  Missile Turret  
  168  17:40  Marine x6  
  168  17:43  Widow Mine x3, Marauder  
  179  17:50  Marine x2, Marauder  
  183  17:55  Marauder  
  183  17:56  Marauder  
  183  17:58  Marine x2  
  188  18:04  Marine x4  
  188  18:05  Marauder  
  195  18:08  Marine x2  
  195  18:12  Marauder  
  197  18:16  Marine x2  
  196  18:22  Marine x2  
  196  18:25  Widow Mine x2, Thor  
  196  18:26  Medivac x2  
  188  18:27  Marine x3, Marauder x3  
  188  18:30  Marine  
  188  18:32  Marine  
  188  18:33  Marine  
  188  18:34  Marine  
  198  18:37  Barracks  
  198  18:39  Barracks  
  198  18:40  Marine x2  
  199  18:42  Barracks  
  199  18:45  Marine  
  173  18:49  Marauder x3  
  173  18:50  Marine x3  
  173  18:51  Marine x2, Marauder  
  173  18:55  Widow Mine x2  
  173  18:57  Marine  
  173  18:58  Marine  
  163  19:03  Marine  
  163  19:05  Medivac x2  
  163  19:07  Marine  
  163  19:08  Marine x2  
  163  19:09  Marine x4  
  174  19:10  Marine, Thor  
  166  19:24  Orbital Command  
  164  19:25  Widow Mine x2  
  164  19:30  Marine, Marauder x3  
  164  19:31  Marine x4  
  179  19:35  Marine x4  
  183  19:45  Missile Turret  
  183  19:48  Marine x5  
  183  19:51  Missile Turret  
  188  19:53  Missile Turret, Thor  
  188  19:58  Marine x2  
  188  19:59  Marine x5  
  199  20:02  Widow Mine  
  199  20:04  Widow Mine  
  199  20:06  Medivac  
  197  20:12  Marine  
  197  20:13  Marine x2  
  196  20:17  Marauder x2  
  168  20:38  Widow Mine, Thor  
  168  20:39  Marine x8, Widow Mine, Marauder x4  
  175  20:42  Medivac x2  
  145  20:57  Marine x7  
  145  20:58  Marine  
  145  21:00  Marine, Marauder x2  
  145  21:01  Marauder  
  158  21:10  Widow Mine x2  
  162  21:14  Marine, Medivac x2  
  162  21:15  Marine x2  
  169  21:18  Marine  
  169  21:19  Marine x3, Marauder  
  169  21:21  Widow Mine  
  169  21:22  Marauder x3  
  169  21:23  Orbital Command  
  175  21:40  Marauder  
  175  21:43  Marauder x3  
  168  21:50  Marine  
  168  21:51  Marine x7  
  156  21:55  Widow Mine x3  
  156  21:58  Medivac x2  
  168  22:01  Marauder  
  168  22:04  Marauder  
  168  22:05  Marauder x2  
  168  22:07  Marine  
  174  22:08  SCV x5, Refinery  
  174  22:09  SCV, Marine x7, Refinery  
  174  22:11  Unknown  
  186  22:16  Widow Mine x2  
  192  22:23  Marauder  
  192  22:25  Marine  
  192  22:26  Marine, Marauder x3  
  192  22:27  Marine x3  
  192  22:28  Marine x3  
  192  22:30  Widow Mine  
  192  22:31  SCV x2  
  192  22:33  SCV x2  
Show
View Real Time Build Order
Export as new Build Order

soO Zerg 

Build Orders: Hatch First, Muta Ling Bane 

Get SALT Encoding   

  12  0:01  Drone  
  13  0:12  Overlord  
  13  0:16  Drone  
  14  0:30  Drone x2  
  16  0:47  Hatchery  
  15  0:51  Drone  
  15  0:54  Drone  
  17  0:57  Drone  
  18  1:08  Extractor  
  17  1:12  Spawning Pool  
  17  1:16  Drone  
  17  1:20  Drone  
  18  1:27  Drone  
  19  1:38  Drone  
  20  1:48  Overlord  
  20  1:59  Queen x2  
  20  2:00  Zergling x4  
  26  2:11  Metabolic Boost  
  26  2:15  Roach Warren  
  25  2:16  Drone  
  25  2:20  Drone  
  27  2:26  Drone  
  27  2:27  Drone  
  29  2:34  Overlord  
  29  2:54  Roach x4  
  37  2:59  Roach  
  39  3:08  Roach  
  41  3:19  Zergling x6  
  43  3:24  Zergling x2  
  43  3:26  Overlord  
  44  3:44  Hatchery  
  44  3:45  Zergling x12  
  48  3:57  Ravager  
  49  4:03  Drone x2  
  49  4:06  Drone  
  52  4:20  Overlord  
  52  4:21  Overlord  
  49  4:26  Drone x2  
  49  4:31  Drone x2  
  41  4:33  Drone x3  
  41  4:37  Drone  
  40  4:42  Drone  
  40  4:43  Queen  
  43  4:46  Drone  
  43  4:50  Drone  
  45  4:56  Drone x2  
  45  4:58  Evolution Chamber, Queen  
  48  5:00  Drone  
  48  5:01  Evolution Chamber  
  48  5:06  Drone  
  49  5:07  Drone x2  
  49  5:10  Drone x2  
  49  5:11  Drone  
  49  5:14  Drone x2  
  55  5:15  Drone  
  55  5:20  Zergling x4  
  58  5:30  Zerg Ground Armor Level 1, Zerg Melee Weapons Level 1  
  58  5:33  Queen  
  60  5:39  Drone x5  
  60  5:41  Drone  
  66  5:43  Overlord  
  66  5:45  Drone  
  66  5:46  Drone  
  66  5:49  Queen  
  70  5:55  Drone x2, Lair  
  72  5:59  Drone x2  
  72  6:01  Extractor  
  72  6:02  Extractor  
  72  6:05  Drone x3  
  72  6:06  Extractor, Drone  
  72  6:07  Drone x2  
  77  6:16  Baneling Nest  
  76  6:21  Drone x2  
  76  6:22  Overlord  
  76  6:24  Hatchery  
  76  6:25  Zergling x8  
  81  6:31  Overlord  
  81  6:37  Overlord  
  81  6:39  Overlord  
  81  6:40  Drone  
  81  6:42  Zergling x14  
  89  6:52  Hatchery  
  89  6:53  Drone  
  89  6:54  Zergling x8  
  89  6:58  Centrifical Hooks  
  93  7:06  Drone x3  
  93  7:08  Extractor  
  95  7:09  Drone  
  95  7:10  Extractor, Drone x3, Spire  
  95  7:13  Zergling x6  
  99  7:16  Zergling x6  
  99  7:20  Baneling x6  
  102  7:24  Zergling x6  
  102  7:28  Drone  
  106  7:32  Baneling x3  
  106  7:33  Zergling x4  
  106  7:34  Overseer  
  108  7:39  Zergling x12  
  114  7:46  Zerg Ground Armor Level 2  
  114  7:50  Zerg Melee Weapons Level 2  
  109  8:02  Drone x12  
  115  8:08  Drone x2  
  117  8:15  Zergling x12  
  117  8:16  Zergling x4  
  117  8:17  Baneling x9  
  125  8:22  Overlord x2  
  125  8:24  Overlord  
  125  8:25  Zerg Flyer Weapons Level 1  
  125  8:30  Overlord, Unknown  
  124  8:34  Baneling x8  
  124  8:35  Overlord, Baneling  
  124  8:36  Zergling x2  
  124  8:40  Overlord  
  125  8:41  Zergling x8  
  125  8:42  Zergling x2  
  118  8:51  Zergling x22  
  127  8:55  Zergling x2  
  127  8:56  Zergling x8  
  128  9:10  Mutalisk  
  128  9:11  Mutalisk x6  
  140  9:17  Mutalisk  
  140  9:19  Zergling x20  
  152  9:25  Overseer  
  152  9:32  Overlord  
  152  9:33  Mutalisk x4  
  160  9:44  Mutalisk x2  
  164  9:48  Zergling x2, Overlord  
  164  9:51  Zergling x16  
  172  9:54  Baneling x8  
  169  10:09  Drone x5  
  169  10:11  Hatchery  
  173  10:15  Mutalisk x2  
  173  10:17  Hatchery  
  173  10:28  Zergling x20  
  177  10:46  Overlord x2  
  177  10:47  Overlord  
  177  10:50  Zergling x8  
  177  10:52  Spore Crawler  
  177  10:53  Zerg Flyer Weapons Level 2  
  177  10:55  Baneling x9  
  180  10:57  Overlord  
  180  10:58  Baneling x3  
  178  11:08  Drone x5  
  178  11:10  Unknown  
  182  11:13  Mutalisk  
  182  11:15  Drone  
  182  11:17  Extractor  
  184  11:19  Hatchery  
  180  11:33  Drone  
  180  11:34  Drone  
  180  11:35  Drone x2  
  180  11:36  Infestation Pit  
  180  11:37  Drone x6  
  189  11:41  Pneumatized Carapace  
  189  11:42  Overseer x2  
  189  11:48  Zergling x2  
  189  11:49  Zergling x18  
  189  11:52  Baneling x11  
  198  12:01  Zergling x4  
  199  12:14  Zergling x4  
  199  12:15  Hive, Overlord x2  
  197  12:18  Baneling x7  
  196  12:26  Baneling  
  196  12:27  Baneling x7  
  186  12:31  Zergling x10  
  178  12:38  Zergling x28  
  166  12:50  Mutalisk x9  
  166  12:51  Mutalisk  
  158  13:00  Zergling x4  
  158  13:01  Zergling x20  
  170  13:08  Overseer  
  170  13:09  Overseer x2  
  170  13:11  Overseer  
  170  13:12  Baneling x7  
  170  13:13  Baneling x5  
  170  13:16  Zergling x16  
  178  13:21  Zergling x6  
  178  13:24  Baneling x7  
  178  13:26  Zergling x6  
  183  13:29  Baneling x7  
  182  13:40  Zergling x20  
  182  13:41  Zergling x4  
  175  13:54  Zergling x8  
  175  13:55  Zergling x6  
  143  14:04  Mutalisk x6  
  143  14:06  Zergling x10  
  143  14:08  Zergling x8  
  162  14:14  Zerg Ground Armor Level 3  
  162  14:16  Evolution Chamber  
  161  14:17  Zergling x14  
  161  14:21  Zergling x6  
  161  14:23  Baneling  
  161  14:24  Overlord, Baneling x10  
  171  14:27  Zergling x4  
  171  14:31  Hatchery  
  171  14:36  Adrenal Glands  
  170  14:39  Zergling x20  
  170  14:42  Overseer  
  177  14:48  Ultralisk Cavern  
  177  14:51  Zergling x22  
  187  14:55  Extractor  
  186  15:03  Baneling x6  
  186  15:04  Baneling x3  
  186  15:10  Overlord x2  
  186  15:11  Overlord  
  186  15:13  Overlord  
  186  15:20  Overlord x3  
  175  15:21  Overlord  
  175  15:22  Overseer x2  
  175  15:23  Overseer  
  175  15:24  Zerg Flyer Weapons Level 3  
  175  15:29  Zergling x2  
  175  15:30  Zergling x24  
  188  15:38  Chitinous Plating  
  188  15:48  Overseer  
  188  15:51  Zergling x22  
  199  16:00  Zergling x18  
  199  16:01  Zergling x2  
  199  16:02  Baneling x9  
  197  16:27  Baneling x5  
  197  16:29  Zergling x6  
  191  16:35  Zergling x10  
  191  16:36  Zergling x18  
  163  16:57  Zergling x22  
  163  16:58  Zergling x22  
  163  17:01  Baneling x8  
  163  17:02  Baneling x15  
  163  17:05  Mutalisk  
  163  17:06  Mutalisk x2  
  163  17:08  Baneling x7  
  168  17:13  Zergling x4  
  168  17:15  Zergling x4  
  161  17:21  Mutalisk x2  
  118  17:30  Mutalisk x7  
  118  17:36  Zergling x8  
  131  17:50  Ultralisk, Zergling x8  
  141  17:55  Zergling x10  
  142  18:01  Hatchery  
  142  18:02  Zergling x6  
  144  18:09  Zergling x4  
  146  18:15  Zergling x8  
  146  18:25  Ultralisk, Zergling x8  
  146  18:30  Zergling x2  
  131  18:44  Ultralisk  
  131  18:45  Ultralisk, Zergling x10  
  131  18:46  Zergling x6  
  139  18:49  Zergling x4  
  139  18:50  Zergling x4  
  139  18:51  Zergling x2  
  139  18:52  Zergling x6  
  139  18:54  Zergling x2  
  139  18:57  Zergling x2  
  139  19:00  Zergling x4  
  139  19:02  Zergling x2  
  137  19:20  Overseer x2  
  137  19:31  Mutalisk x4  
  133  19:32  Hatchery  
  140  19:39  Baneling  
  140  19:40  Baneling x2  
  140  19:41  Drone  
  140  19:42  Drone  
  140  19:43  Drone  
  143  19:54  Baneling x5  
  143  19:55  Baneling  
  143  19:57  Zergling x20  
  151  20:11  Zergling x2  
  151  20:12  Zergling x12  
  156  20:17  Baneling x6  
  123  20:42  Zergling x22  
  120  20:43  Zergling x6  
  108  21:00  Zergling x18  
  115  21:07  Baneling x10  
  115  21:13  Zergling x8  
  115  21:15  Drone  
  114  21:26  Zergling x14  
  121  21:36  Zergling x12  
  99  21:55  Zergling x26  
  99  22:00  Mutalisk x2  
  110  22:05  Overseer  
  110  22:07  Baneling x2  
  110  22:13  Zergling x14  
  117  22:19  Zergling x6  
  117  22:21  Baneling x2  
  96  22:35  Zergling x18  
Tags
 
Add a new tag
Caveats
  • Supply blocks, unpowered buildings, or Contaminate may cause inaccurate times.
  • Supply counts are checked every 10 seconds.